 Dungeon Crawl Stone Soup version 0.29-a0-841-g116ddc6ace (webtiles) character file.

Game seed: 4285332828329176694

34737 lmSkywalker the Basher (level 13, -4/135 HPs)
             Began as a Troll Berserker on July 13, 2022.
             Was an Elder of Trog.
             Slain by a wolf spider (7 damage)
             ... summoned by a broodmother
             ... on level 1 of the Spider Nest on July 15, 2022.
             The game lasted 01:27:04 (20287 turns).

lmSkywalker the Basher (Troll Berserker)           Turns: 20287, Time: 01:27:04

Health: -4/135     AC: 10    Str: 30    XL:     13   Next: 43%
Magic:  12/12      EV: 12    Int:  5    God:    Trog [****..]
Gold:   785        SH:  0    Dex:  9    Spells: 12/12 levels left

rFire   + . .      SeeInvis .   k - +6 whip of Fixation {venom, rElec rPois rF+}
rCold   . . .      Faith    .   (no shield)
rNeg    . . .      Spirit   .   M - +0 steam dragon scales
rPois   +          Reflect  .   L - +0 hat
rElec   +          Harm     .   K - +2 cloak
rCorr   +          Rampage  .   (gloves unavailable)
Will    .....                   (boots unavailable)
Stlth   +.........              (no amulet)
HPRegen 1.12/turn               s - ring of resist corrosion
MPRegen 0.13/turn               o - ring of poison resistance

@: on berserk cooldown, slowed, very slow
A: large, unfitting armour, claws 3, regeneration 1, shaggy fur 1, tough skin 1
a: Renounce Religion, Berserk, Trog's Hand, Brothers in Arms


You were on level 1 of the Spider Nest.
You worshipped Trog.
Trog was greatly pleased with you.
You visited 3 branches of the dungeon, and saw 16 of its levels.
You also visited: Ossuary.

You collected 855 gold pieces.
You spent 70 gold pieces at shops.

Inventory:

Hand Weapons
 k - the +6 whip of Fixation (weapon) {venom, rElec rPois rF+}
   (You found it on level 2 of the Dungeon)

   It poisons the flesh of those it strikes.
   rF:        It protects you from fire.
   rElec:     It insulates you from electricity.
   rPois:     It protects you from poison.
 E - a +3 morningstar
Missiles
 p - 3 boomerangs of dispersal
 H - a throwing net
 P - 2 large rocks
Armour
 K - a +2 cloak (worn)
 L - a +0 hat (worn)
 M - +0 steam dragon scales (worn)
Jewellery
 o - a ring of poison resistance (right claw)
 s - a ring of resist corrosion (left claw)
 R - a ring of ice
 T - a ring of positive energy
Wands
 g - a wand of flame (13)
 y - a wand of polymorph (13)
 G - a wand of paralysis (6)
 J - a wand of digging (6)
 S - a wand of mindburst (2)
Scrolls
 c - 4 scrolls of identify
 f - 4 scrolls of blinking
 i - 2 scrolls of fear
 l - 6 scrolls of teleportation
 r - 4 scrolls of enchant armour
 t - 4 scrolls of fog
 v - 5 scrolls of poison
 w - 6 scrolls of noise
 x - 3 scrolls of magic mapping
 z - 5 scrolls of enchant weapon
 B - 2 scrolls of silence
 C - 2 scrolls of immolation
 F - a scroll of torment
 I - a scroll of amnesia
 U - 2 scrolls of vulnerability
Potions
 a - 12 potions of curing
 b - 7 potions of flight
 d - 3 potions of magic
 e - 8 potions of might
 h - 3 potions of haste
 j - 4 potions of attraction
 m - 2 potions of mutation
 n - 6 potions of heal wounds
 q - a potion of cancellation
 u - 3 potions of lignification
 D - a potion of berserk rage
 N - 4 potions of ambrosia
Miscellaneous
 Q - a lightning rod (4/4) (quivered)


   Skills:
 + Level 10.5 Fighting
 + Level 12.6 Maces & Flails
 - Level 6.6 Throwing
 + Level 9.5 Dodging
 - Level 5.1 Unarmed Combat
 - Level 3.9 Evocations


You had 12 spell levels left.
You didn't know any spells.
Your spell library was empty.

Dungeon Overview and Level Annotations

Branches:
Dungeon (11/15)            Temple (0/1) D:5            Lair (4/6) D:11
 Shoals (0/4) Lair:3       Spider (1/4) Lair:4      Ossuary (visited)
    Orc: D:9-12

Altars:
Cheibriados
Dithmenos
Fedhas
Hepliaklqana
Makhleb
Nemelex Xobeh
Okawaru
Qazlal
Ru
Sif Muna
Uskayaw
Vehumet
Xom
Yredelemnul
Zin
The Shining One

Shops:
D:2 (:!   D:4 =   D:5 [?   D:11 ?

Portals:
Trove: D:11 (give 2 scrolls of acquirement)

Annotations:
D:2 1 runed translucent door, 1 exclusion, Crazy Yiuf
D:4 1 runed translucent door, Bravis's ghost, amateur TeHW
D:5 1 exclusion


Innate Abilities, Weirdness & Mutations

You are too large for most types of armour.
You have claws for hands.
Your natural rate of healing is unusually fast.
You are covered in fur. (AC +1)
You have tough skin. (AC +1)


Message History

The tarantella touches you but does no damage.
You closely miss the broodmother.
The broodmother is heavily wounded.
The redback barely misses you.
You hit the broodmother.
The broodmother looks as sick as possible!
The broodmother is heavily wounded.
The broodmother bites you!!
You barely miss the broodmother.
The broodmother is heavily wounded.
The tarantella misses you. The redback bites you!
You are poisoned.
The redback poisons you!
You're too confused to move!
You feel very sick. The broodmother bites you!!
A spider bursts forth from the wound!
The tarantella touches you.
You are more confused.
The redback closely misses you.
Okay, then.
You bump into the rock wall.
You feel a strong urge to attack something.
You are no longer berserk.
You are exhausted.
You feel yourself slow down.
You feel very sick.
The tarantella touches you but does no damage.
The redback bites you. The broodmother bites you!!
* * * LOW HITPOINT WARNING * * *
You feel better.
The tarantella touches you but does no damage.
The redback barely misses you. The wolf spider hits you!
* * * LOW HITPOINT WARNING * * *
The wolf spider bites you but does no damage.
The broodmother summons spiders!
The tarantella touches you but does no damage.
The redback bites you.
* * * LOW HITPOINT WARNING * * *
The wolf spider hits you!
You die...

#.........## #.....
#.........# #......
##.......###.......
#######^.#........
#..#........
########s#.s......
##......#.#†.....s.
#.......#.s#.......
#........s@#.......
#........ss##......
#.......<..# ......
#..........# #.....
#..........# #....
#..........# ....
#........#.##
#.......##..#
#############


You could see a broodmother (extremely poisoned), a wolf spider (summoned), 2
tarantellas and 2 redbacks.

Vanquished Creatures
  Fannar (D:11)
  3 hydras
  Erica (D:10)
  A two-headed ogre (D:11)
  Sonja (Lair:1)
  Nergalle (D:10)
  Pikel (D:7)
  Maurice (D:10)
  11 elephants
  2 black mambas
  4 cane toads
  Psyche (D:10)
  2 rime drakes
  6 komodo dragons
  A polar bear (Lair:4)
  A troll (D:9)
  A queen bee (D:9)
  Prince Ribbit (D:6)
  4 tarantellas
  9 blink frogs
  3 shadows
  A culicivora (Spider:1)
  A vampire (D:10)
  4 wyverns
  Grum (D:8)
  37 yaks
  4 basilisks
  5 steam dragons
  3 vampire mosquitoes (D:10)
  8 water moccasins
  2 black bears
  An orc warrior (D:10)
  4 boggarts (Lair:4)
  23 wolves
  3 ogres
  3 centaurs
  3 lemures (D:7)
  4 kobold brigands
  11 bullfrogs
  A gnoll sergeant (D:8)
  13 scorpions
  3 necrophages
  12 wights
  32 killer bees
  3 howler monkeys
  3 centaur zombies (Ossuary)
  A jelly (D:5)
  2 human zombies (Ossuary)
  4 orc priests
  4 hounds
  Jessica (D:3)
  6 iguanas
  13 orc wizards
  4 scorpion zombies (Ossuary)
  Terence (D:2)
  3 mummies (Ossuary)
  8 gnolls
  9 adders
  2 white imps
  2 ufetubi
  4 worms
  25 orcs
  3 ball pythons
  5 bats
  5 endoplasms
  A giant cockroach (D:1)
  5 gnoll zombies (Ossuary)
  13 goblins
  5 hobgoblins
  5 jackals
  23 kobolds
  4 quokkas
  4 frilled lizards
  2 goblin zombies (Ossuary)
  2 hobgoblin zombies (Ossuary)
  2 kobold zombies (Ossuary)
  An orc zombie (Ossuary)
  3 rats
413 creatures vanquished.

Vanquished Creatures (collateral kills)
  A hydra (Lair:1)
1 creature vanquished.

Vanquished Creatures (others)
  2 bushes (D:11)
  23 fungi
  40 plants
65 creatures vanquished.

Grand Total: 479 creatures vanquished

Notes
Turn   | Place    | Note
-------+----------+-------------------------------------------
     0 | D:1      | lmSkywalker the Troll Berserker began the quest for the
                  | Orb.
     0 | D:1      | Reached XP level 1. HP: 22/22 MP: 0/0
   234 | D:1      | Reached XP level 2. HP: 27/29 MP: 1/1
   350 | D:1      | Reached XP level 3. HP: 27/36 MP: 2/2
   636 | D:1      | Found a faded altar of an unknown god.
   644 | D:1      | Reached ** piety under Trog
   808 | D:2      | Found Kiowym Qaps's Book Shoppe.
   857 | D:2      | Found a runed translucent door.
   858 | D:2      | Noticed Crazy Yiuf
  1083 | D:2      | Reached XP level 4. HP: 43/44 MP: 3/3
  1087 | D:2      | Reached skill level 5 in Unarmed Combat
  1137 | D:2      | Identified the +6 whip of Fixation {venom, rElec rPois rF+}
  1153 | D:2      | Noticed Terence
  1165 | D:2      | Killed Terence
  1166 | D:2      | Reached skill level 1 in Maces & Flails
  1278 | D:2      | Found Moloixeva's Weapon Shoppe.
  1559 | D:3      | Noticed Jessica
  1563 | D:3      | Killed Jessica
  1564 | D:3      | Reached skill level 2 in Maces & Flails
  1564 | D:3      | Reached XP level 5. HP: 49/50 MP: 4/4
  1983 | D:2      | Found Wugra's Distillery.
  1988 | D:2      | Bought a potion of heal wounds for 70 gold pieces
  2057 | D:4      | Reached skill level 3 in Maces & Flails
  2058 | D:4      | Found a sparkling altar of Nemelex Xobeh.
  2119 | D:4      | Reached XP level 6. HP: 49/59 MP: 5/5
  2141 | D:4      | Reached skill level 4 in Maces & Flails
  2312 | D:4      | Reached *** piety under Trog
  2324 | D:4      | Reached skill level 5 in Maces & Flails
  2352 | D:4      | Found a basalt altar of Yredelemnul.
  2362 | D:4      | Found a sacrificial altar of Ru.
  2362 | D:4      | Found a hide-covered altar of Uskayaw.
  2364 | D:4      | Found a snail-covered altar of Cheibriados.
  2380 | D:4      | Found a runed translucent door.
  2382 | D:4      | Noticed Bravis's ghost (amateur TeHW)
  2460 | D:4      | Found Tocillua's Jewellery Shop.
  2567 | D:4      | Reached XP level 7. HP: 66/66 MP: 6/6
  2694 | D:4      | Upgraded the game from 0.29-a0-834-g1e95ca9f62 to
                  | 0.29-a0-838-g385bb11a5b
  2695 | D:5      | Entered Level 5 of the Dungeon
  2732 | D:5      | Identified the +7 ring mail "Qafahom" {rF+ rCorr}
  2750 | D:5      | Reached skill level 6 in Maces & Flails
  2767 | D:5      | Found a burning altar of Makhleb.
  2840 | D:5      | Found a staircase to the Ecumenical Temple.
  2863 | D:5      | Found Gyrrer's Magic Scroll Emporium.
  2872 | D:5      | Reached skill level 7 in Maces & Flails
  2921 | D:5      | Found Eqoreheu's Armour Shop.
  2999 | D:5      | Reached XP level 8. HP: 74/74 MP: 7/7
  3010 | D:5      | Found a sand-covered staircase.
  3021 | D:5      | Found a radiant altar of Vehumet.
  3034 | Ossuary  | Entered an ossuary
  3061 | Ossuary  | Reached skill level 8 in Maces & Flails
  3412 | Ossuary  | Reached skill level 9 in Maces & Flails
  3450 | Ossuary  | Reached **** piety under Trog
  3510 | Ossuary  | Reached skill level 10 in Maces & Flails
  3770 | D:5      | Found a glowing silver altar of Zin.
  3811 | D:5      | Reached XP level 9. HP: 57/80 MP: 8/8
  3856 | D:5      | Found an iron altar of Okawaru.
  3865 | D:5      | Identified the +4 plate armour "Mankinak" {Dex+2}
  4129 | D:6      | Found a shadowy altar of Dithmenos.
  4135 | D:6      | Noticed Prince Ribbit
  4149 | D:6      | Killed Prince Ribbit
  4639 | D:6      | Identified the +1 rapier of Sloth {venom, Int+3 Dex-5 SInv}
  4797 | D:7      | Noticed Pikel
  4811 | D:7      | Killed Pikel
  4928 | D:7      | Reached skill level 11 in Maces & Flails
  5020 | D:7      | Found a shimmering blue altar of Sif Muna.
  5230 | D:7      | Found a blossoming altar of Fedhas.
  5830 | D:7      | Reached XP level 10. HP: 85/94 MP: 9/9
  6199 | D:8      | Noticed Grum
  6563 | D:8      | Reached skill level 1 in Throwing
  6568 | D:8      | Reached skill level 1 in Evocations
  6940 | D:8      | Found a shimmering altar of Xom.
  7139 | D:8      | Killed Grum
  7279 | D:8      | Reached skill level 5 in Fighting
  7590 | D:8      | Upgraded the game from 0.29-a0-838-g385bb11a5b to
                  | 0.29-a0-841-g116ddc6ace
  8329 | D:9      | Found a glowing golden altar of the Shining One.
  8621 | D:9      | Found a hazy altar of Hepliaklqana.
  8686 | D:9      | Found a stormy altar of Qazlal.
  9362 | D:9      | Reached XP level 11. HP: 105/105 MP: 10/10
  9556 | D:9      | Identified the +7 sling of Indignation {vorpal, rF++ rC+
                  | Int+2 Dex+4}
  9744 | D:10     | Entered Level 10 of the Dungeon
  9759 | D:10     | Noticed Nergalle
  9769 | D:10     | Killed Nergalle
  9876 | D:10     | Noticed Erica
  9893 | D:10     | Killed Erica
 10341 | D:10     | Reached skill level 5 in Dodging
 10457 | D:10     | Identified the +8 battleaxe "Beast's Funeral" {chaos, rN+
                  | Str+4 Int+7 Dex+2 Stlth-}
 10666 | D:10     | Noticed Maurice
 10677 | D:10     | Killed Maurice
 10740 | D:10     | Noticed Psyche
 10749 | D:10     | Killed Psyche
 11321 | D:11     | Reached skill level 12 in Maces & Flails
 11374 | D:11     | Identified the +3 mace "Conabaar" {elec, rElec rPois Dex+4}
 11385 | D:11     | Found a portal to a secret trove of treasure.
 11666 | D:11     | Found Jenil's Magic Scroll Shoppe.
 11674 | D:11     | Noticed Fannar
 11684 | D:11     | Killed Fannar
 11784 | D:11     | Found a staircase to the Lair.
 12030 | D:11     | Noticed a two-headed ogre
 12039 | D:11     | Killed a two-headed ogre
 12040 | D:11     | Reached XP level 12. HP: 110/120 MP: 11/11
 12485 | Lair:1   | Entered Level 1 of the Lair of Beasts
 12847 | Lair:1   | Noticed Sonja
 12857 | Lair:1   | Killed Sonja
 12932 | Lair:1   | Reached ***** piety under Trog
 12992 | Lair:1   | Noticed a four-headed hydra
 13014 | Lair:1   | Killed a four-headed hydra
 14170 | Lair:2   | Reached skill level 5 in Throwing
 14229 | Lair:2   | Noticed an eight-headed hydra
 14365 | Lair:2   | Killed an eight-headed hydra
 14859 | Lair:2   | Noticed a six-headed hydra
 14869 | Lair:2   | Killed a six-headed hydra
 15867 | Lair:3   | Found the +3 Mad Mage's Maulers {Infuse+∞ RegenMP Int-3}
 15931 | Lair:3   | Noticed a six-headed hydra
 15948 | Lair:3   | Killed a six-headed hydra
 15949 | Lair:3   | Reached skill level 10 in Fighting
 15949 | Lair:3   | Reached XP level 13. HP: 133/133 MP: 12/12
 16624 | Lair:3   | Found a staircase to the Shoals.
 17484 | Lair:4   | Received a gift from Trog
 17535 | Lair:4   | Identified the +7 chain mail of Loss {*Slow Str+6 Dex+8}
 17826 | Lair:4   | Found a hole to the Spider Nest.
 19852 | Spider:1 | Entered Level 1 of the Spider Nest
 20264 | Spider:1 | Noticed a broodmother
 20287 | Spider:1 | HP: 6/135 [wolf spider[a broodmother] (16)]
 20287 | Spider:1 | Slain by a wolf spider

Illustrated notes

Levels and vault maps discovered:
D:1:      dpeg_arrival_long_road, layout_loops_ring,
          hellmonk_ecumenical_altar_run_dry, chequers_serial_rivers_large_a,
          nicolae_grassy_gnolls
D:2:      minmay_evil_eye, layout_rooms, serial_shops, shop, shop,
          nicolae_shop_bloodbath_and_beyond,
          wander_ebering_terrifying_dragon_lair, uniq_crazy_yiuf_cottage,
          uniq_terence
D:3:      layout_basic, hangedman_decor_growths, uniq_jessica
D:4:      layout_cave_pools, nemelex_xobeh_ov_fountains_minmay,
          mainiacjoe_overflow_alcove_3, serial_shops, shop_fountains,
          serial_bayou, serial_bayou_lagoon_a, serial_bayou_ford_a,
          serial_bayou_pond_c, serial_bayou_pond_a,
          ebering_ghost_reflecting_pool, minmay_misc_feat_chi
D:5:      layout_rooms, okawaru_ov_weapons_minmay,
          mainiacjoe_overflow_concentric_impassable, zin_treasury,
          mainiacjoe_overflow_six_doors_small, minmay_temple_entry_poolview,
          serial_shops, nicolae_shop_trees, shop_scrolls,
          nicolae_ossuary_entry_false_entrances
D:6:      layout_rooms, overflow_temple_1_default, uniq_prince_ribbit1
D:7:      layout_basic, mainiacjoe_overflow_cross_hatched, old_standard_altar,
          grunt_ministairs_1, serial_park_tiny_2, minmay_misc_feat_more_columns,
          uniq_pikel
D:8:      layout_basic, lemuel_tele_altar, uniq_grum
D:9:      layout_long_grid, nicolae_tso_swordbearing_angel,
          nicolae_qazlal_style_of_elements, worldfamousw_hep_ancestral_shrine,
          minivault_19, minivault_7
D:10:     layout_stronghold, uniq_nergalle, uniq_erica, uniq_psyche,
          uniq_maurice
D:11:     layout_basic, minmay_lair_entry_grove, nicolae_trove_entry_crossroad,
          serial_shops, nicolae_square_shop, uniq_fannar
Lair:1:   layout_cave_pods, uniq_sonja
Lair:2:   layout_regular_city
Lair:3:   layout_regular_city, shoals_dummy_entry, lemuel_fruit_tree,
          grunt_megastairs_2
Lair:4:   layout_cave_pods, spider_nest_entry_web_field, kilobyte_rumbling_trees
Spider:1: layout_cave_pods, uniq_josephine

Skill      XL: |  1  2  3  4  5  6  7  8  9 10 11 12 13 |
---------------+----------------------------------------+-----
Unarmed Combat | 4 5 |  5.1
Maces & Flails | 2 3 5 7 10 11 12 | 12.6
Fighting       | 4 6 8 10 | 10.5
Dodging        | 4 6 8 9 |  9.5
Throwing       | 4 6 |  6.6
Evocations     | 3 |  3.9

Action                   |  1- 3 |  4- 6 |  7- 9 | 10-12 | 13-15 || total
-------------------------+-------+-------+-------+-------+-------++-------
Melee: Unarmed           |    63 |     7 |       |       |       ||    70
       Whip              |       |   109 |   386 |   950 |   306 ||  1751
       Punch             |       |     3 |    16 |    23 |    14 ||    56
Throw: Large rock        |       |       |       |    17 |       ||    17
Invok: Berserk           |     1 |     2 |     4 |    21 |     4 ||    32
       Trog's Hand       |       |       |     2 |     7 |       ||     9
       Brothers in Arms  |       |       |       |     2 |       ||     2
Evoke: Wand              |       |       |       |    15 |     1 ||    16
       Lightning rod     |       |       |       |     1 |       ||     1
  Use: Scroll            |       |     5 |     9 |     9 |     5 ||    28
       Potion            |       |       |       |       |     1 ||     1
 Stab: Distracted        |       |       |     1 |       |       ||     1
       Paralysed         |       |       |       |     3 |       ||     3
Armor: Animal skin       |    14 |     3 |       |       |       ||    17
       Robe              |       |    35 |    59 |    19 |       ||   113
       Steam dragon scal |       |       |       |   147 |    78 ||   225
Dodge: Dodged            |    31 |    50 |   109 |   317 |   103 ||   610

Table legend: (Time is in decaauts)
 A = Elapsed time spent in this place.
 B = Non-inter-level travel time spent in this place.
 C = Inter-level travel time spent in this place.
 D = Time resting spent in this place.
 E = Time spent auto-exploring this place.
 F = Levels seen in this place.
 G = Mean time per level.
                   A        B        C        D        E       F      G
               +--------+--------+--------+--------+--------+-----+--------+
         Total |  19866 |  18667 |   1199 |   4275 |   6285 |  17 | 1168.6 |
       Dungeon |  11769 |  10896 |    873 |   1825 |   4323 |  11 | 1069.9 |
          Lair |   7143 |   6830 |    313 |   1985 |   1942 |   4 | 1785.8 |
   Spider Nest |    413 |    400 |     13 |    292 |      0 |   1 |  413.0 |
       Ossuary |    539 |    539 |      0 |    171 |     20 |   1 |  539.0 |
               +--------+--------+--------+--------+--------+-----+--------+

Top non-repeatable levels by time:
  Lair:4: 2773 daAuts
     D:9: 1979 daAuts
  Lair:2: 1722 daAuts
     D:7: 1566 daAuts
    D:10: 1400 daAuts
  Lair:1: 1393 daAuts
     D:8: 1384 daAuts
    D:11: 1254 daAuts
  Lair:3: 1253 daAuts
     D:1: 902 daAuts
     D:5: 809 daAuts
     D:4: 672 daAuts
     D:6: 630 daAuts
     D:2: 590 daAuts
     D:3: 580 daAuts
